 Dungeon Crawl Stone Soup version 0.21.1-1-g345015fe64 (webtiles) character file.

387 RepoMan the Insei (level 6, 0/51 HPs)
             Began as a Draconian Transmuter on July 6, 2018.
             Was an Initiate of Wu Jian.
             Slain by a phantom (4 damage)
             ... on level 5 of the Dungeon.
             The game lasted 00:14:20 (3990 turns).

RepoMan the Insei (Draconian Transmuter)            Turns: 3990, Time: 00:14:22

Health: 0/51       AC:  2    Str: 13    XL:     6   Next: 49%
Magic:  7/10       EV: 19    Int: 13    God:    Wu Jian [......]
Gold:   139        SH:  0    Dex: 18    Spells: 5/11 levels left

rFire    . . .     SeeInvis .     - Unarmed
rCold    . . .     Gourm    .   (shield currently unavailable)
rNeg     + . .     Faith    .   (armour unavailable)
rPois    x         Spirit   .   (helmet currently unavailable)
rElec    .         Reflect  .   (cloak currently unavailable)
rCorr    .         Harm     .   (gloves currently unavailable)
MR       +....                  (boots currently unavailable)
Stlth    ++........             (no amulet)
HPRegen  0.17/turn              n - ring of positive energy
MPRegen  0.12/turn              o - ring of protection from magic

@: lethally poisoned (0 -> -1), spider-form
A: tiny, unfitting armour, AC +6
a: End Transformation, Renounce Religion


You were on level 5 of the Dungeon.
You worshipped Wu Jian.
Wu Jian was noncommittal.
You were hungry.
You were a venomous arachnid creature.
You visited 2 branches of the dungeon, and saw 6 of its levels.

You collected 139 gold pieces.

Inventory:

Missiles
 a - 19 arrows
 q - 4 curare-tipped needles
Armour
 g - a +0 cloak (melded)
Jewellery
 n - a ring of positive energy (left front leg)
 o - a ring of protection from magic (right front leg)
 s - an uncursed ring of resist corrosion
Scrolls
 d - a scroll of identify
 h - 2 scrolls of remove curse
Potions
 e - a potion of lignification {unknown}
 i - 4 potions of curing {unknown}
 j - a potion of brilliance
 k - 3 potions of heal wounds {unknown}
 l - a potion of magic {unknown}
 p - a potion of mutation {unknown}
Books
 b - a book of Changes

   Spells                             Type                      Level
   a - Beastly Appendage              Transmutation                1
   b - Sticks to Snakes               Transmutation                2
   c - Spider Form                    Transmutation/Poison         3
   d - Ice Form                       Ice/Transmutation            4
   e - Blade Hands                    Transmutation                5
Comestibles
 c - 6 rations
 f - 7 chunks of flesh


   Skills:
 + Level 3.0 Fighting
 - Level 1.7 Dodging
 * Level 4.9 Unarmed Combat
 + Level 3.1 Spellcasting
 * Level 4.3 Transmutations


You had 5 spell levels left.
You knew the following spells:

 Your Spells              Type           Power        Failure   Level  Hunger
a - Beastly Appendage     Tmut           ##....       12%         1    #......
b - Sticks to Snakes      Tmut           ##......     17%         2    ##.....
c - Spider Form           Tmut/Pois      #.........   50%         3    ###....


Dungeon Overview and Level Annotations

Branches:
Dungeon (5/15)             Temple (1/1) D:4

Altars:
Ashenzari
Cheibriados
Dithmenos
Elyvilon
Fedhas
Gozag
Kikubaaqudgha
Makhleb
Nemelex Xobeh
Okawaru
Qazlal
Ru
Sif Muna
Vehumet
Wu Jian
Xom
Yredelemnul


Innate Abilities, Weirdness & Mutations

((Your plain brown scales are hard. (AC +6)))
You cannot fit into any form of body armour.
((You are cold-blooded and may be slowed by cold attacks.))


Message History

The phantom is almost destroyed.
You feel sick. The phantom hits you!
* * * LOW HITPOINT WARNING * * *
You closely miss the phantom.
The phantom is almost destroyed.
The phantom hits you!
* * * LOW HITPOINT WARNING * * *
You closely miss the phantom.
The phantom is almost destroyed.
You barely miss the phantom.
Your tail-slap misses the phantom.
The phantom is almost destroyed.
The phantom hits you.
* * * LOW HITPOINT WARNING * * *
Casting: Spider Form
Confirm with . or Enter, or press ? or * to list all spells.
You turn into a venomous arachnid creature.
Your +0 cloak melds into your body.
You are feeling hungry.
The phantom hits you.
You die...

#+######
#......
#.....
#....
#...#
##..<####
#.>.....#
#...sW..+
#.......#
#.......#
#..##..##
##+ ..#
... ....
.....


You could see a phantom.

Vanquished Creatures
  Menkaure (D:4)
  3 orc wizards (D:4)
  A hound skeleton (D:4)
  Robin (D:4)
  5 adders
  An ooze (D:2)
  An adder skeleton (D:4)
  2 worms (D:2)
  3 dart slugs
  2 leopard geckos
  5 orcs
  2 ball pythons (D:1)
  9 bats
  5 giant cockroaches
  14 goblins
  13 hobgoblins
  9 jackals
  A quokka (D:4)
  3 frilled lizards (D:2)
  7 kobolds
  4 rats
92 creatures vanquished.

Notes
Turn   | Place    | Note
-------+----------+-------------------------------------------
     0 | D:1      | RepoMan the Draconian Transmuter began the quest for the Orb.
     0 | D:1      | Reached XP level 1. HP: 16/16 MP: 3/3
   323 | D:1      | Reached XP level 2. HP: 23/23 MP: 3/5
   327 | D:1      | Learned a level 2 spell: Sticks to Snakes
   798 | D:1      | Reached XP level 3. HP: 29/29 MP: 4/6
  1503 | D:2      | Found a sacrificial altar of Ru.
  2209 | D:2      | Reached XP level 4. HP: 36/36 MP: 7/7
  2217 | D:2      | Learned a level 3 spell: Spider Form
  2241 | D:2      | Found a deep blue altar of Sif Muna.
  3362 | D:4      | Noticed Menkaure
  3364 | D:4      | Killed Menkaure
  3364 | D:4      | Reached XP level 5. HP: 42/42 MP: 7/9
  3525 | D:4      | Found a staircase to the Ecumenical Temple.
  3545 | D:4      | Reached XP level 6. HP: 37/50 MP: 6/10
  3565 | Temple   | Entered the Ecumenical Temple
  3723 | Temple   | Became a worshipper of the Wu Jian Council
  3792 | D:4      | Noticed Robin
  3808 | D:4      | Killed Robin
  3982 | D:5      | Entered Level 5 of the Dungeon
  3990 | D:5      | Slain by a phantom

Skill      XL: |  1  2  3  4  5  6 |
---------------+-------------------+-----
Fighting       | 2 3 |  3.0
Transmutations | 3 4 |  4.3
Unarmed Combat | 4 |  4.9
Spellcasting   | 3 |  3.1
Dodging        | |  1.7

Action                   |  1- 3 |  4- 6 || total
-------------------------+-------+-------++-------
Melee: Unarmed           |   162 |   120 ||   282
       Headbutt          |     9 |     5 ||    14
       Tailslap          |    10 |    10 ||    20
       Kick              |    13 |     6 ||    19
       Punch             |       |     2 ||     2
 Cast: Beastly Appendage |    26 |    18 ||    44
       Sticks to Snakes  |     1 |       ||     1
       Spider Form       |       |     6 ||     6
Evoke: Wand              |       |     3 ||     3
  Use: Scroll            |       |     8 ||     8
 Stab: Sleeping          |     1 |       ||     1
  Eat: Chunk             |     5 |     6 ||    11
Armor: Skin              |    49 |    29 ||    78
Dodge: Dodged            |    83 |    72 ||   155
